 Dungeon Crawl Stone Soup version 0.29-a0-297-g7659ce593d (webtiles) character file.

Game seed: 6790828591702303261

3380 Ajdolov the Covert (level 9, -3/36 HPs)
             Began as a Spriggan Hunter on Mar 21, 2022.
             Was a Believer of Hepliaklqana.
             Shot with a sling bullet by Joseph (10 damage)
             ... on level 7 of the Dungeon.
             The game lasted 00:10:51 (7782 turns).

Ajdolov the Covert (Spriggan Hunter)                Turns: 7782, Time: 00:10:51

Health: -3/36      AC:  3    Str: 13    XL:     9   Next: 74%
Magic:  10/10      EV: 19    Int: 10    God:    Hepliaklqana [**....]
Gold:   256        SH:  0    Dex: 28    Spells: 8/8 levels left

rFire   . . .      SeeInvis +   b - +5 rapier "Bujidd" {speed, rN+ Dex+5}
rCold   . . .      Faith    .   (no shield)
rNeg    + . .      Spirit   .   g - +0 robe
rPois   +          Reflect  .   (helmet restricted)
rElec   .          Harm     .   k - +0 cloak
rCorr   .          Rampage  .   (gloves unavailable)
Will    +....                   (boots unavailable)
Stlth   +++++++...              (no amulet)
HPRegen 0.12/turn               q - ring of poison resistance
MPRegen 0.12/turn               r - +6 ring of strength

@: very quick
A: reduced essence, very small, no large weapons, unfitting armour, see
invisible, speed 3
a: Renounce Religion, Recall Ancestor, Ancestor Identity


You were on level 7 of the Dungeon.
You worshipped Hepliaklqana.
Hepliaklqana was pleased with you.
You visited 2 branches of the dungeon, and saw 8 of its levels.

You collected 256 gold pieces.

Inventory:

Hand Weapons
 a - a +1 hunting sling
 b - the +5 rapier "Bujidd" (weapon) {speed, rN+ Dex+5}
   (You found it on level 2 of the Dungeon)

   Attacks with this weapon are significantly faster.
   Dex:       It affects your dexterity (+5).
   rN:        It protects you from negative energy.
Missiles
 y - 5 poisoned darts
Armour
 g - a +0 robe (worn)
 k - a +0 cloak (worn)
Jewellery
 q - a ring of poison resistance (left hand)
 r - a +6 ring of strength (right hand)
Wands
 t - a wand of charming (15)
 v - a wand of polymorph (12)
Scrolls
 c - a scroll of immolation
 e - 2 scrolls of magic mapping {unknown}
 f - 2 scrolls of teleportation {unknown}
 m - 3 scrolls of identify {unknown}
 n - a scroll of noise {unknown}
 o - a scroll of vulnerability {unknown}
 p - 2 scrolls of fear {unknown}
 s - 3 scrolls of holy word {unknown}
 A - a scroll of amnesia {unknown}
Potions
 d - a potion of curing {unknown}
 h - 3 potions of attraction {unknown}
 i - a potion of invisibility {unknown}
 j - a potion of magic {unknown}
 l - 2 potions of lignification {unknown}
 u - a potion of mutation {unknown}
 w - a potion of degeneration {unknown}
 x - a potion of berserk rage {unknown}
 z - a potion of cancellation {unknown}
 B - 3 potions of might {unknown}


   Skills:
 - Level 1.5 Fighting
 + Level 12.6 Slings
 - Level 2.6 Dodging
 + Level 14.9 Stealth


You had 8 spell levels left.
You didn't know any spells.
Your spell library contained the following spells:

 Spells                   Type           Power      Damage    Failure   Level
 Foxfire                  Conj/Fire      0%         2x1d4     36%         1
 Conjure Flame            Conj/Fire      0%         6-21      75%         3
 Inner Flame              Hex/Fire       0%         N/A       75%         3
 Tukima's Dance           Hex            0%         N/A       75%         3
 Anguish                  Hex/Necr       0%         N/A       98%         4
 Flame Wave               Conj/Fire      0%         2d4       98%         4
 Enfeeble                 Hex            0%         N/A       100%        7


Dungeon Overview and Level Annotations

Branches:
Dungeon (7/15)             Temple (1/1) D:4

Altars:
Gozag
Hepliaklqana
Wu Jian

Annotations:
D:7 Joseph


Innate Abilities, Weirdness & Mutations

Your life essence is reduced to manifest your ancestor. (-10% HP)
You are very small and have problems with some larger weapons.
You are too small for most types of armour.
You have supernaturally acute eyesight. (SInv)
You cover ground extremely quickly. (Speed+++)


Message History

You shoot a sling bullet. The sling bullet misses the sky beast.
You shoot a sling bullet. The sling bullet hits the sky beast!
The sky beast is heavily wounded.
You feel agile.
Your hands tingle!
b - the +5 rapier "Bujidd" (weapon)
{speed, rN+ Dex+5} You puncture the sky beast!
The sky beast is severely wounded.
The sky beast misses you.
You puncture the sky beast!
You kill the sky beast!
A shadow imp comes into view.
Henutmehyt is recalled.
The helpless shadow imp fails to defend itself.
You stick the shadow imp like a pincushion!!!
You kill the shadow imp!
What are your orders? t - Shout!
Orders for allies: a - Attack new target. r - Retreat! s - Stop attacking. g - Guard the area. f - Follow me.
Anything else - Cancel.
Gang up on whom?
Press: ? - help, Dir - move target, f - Joseph
Aim: Joseph, wielding a +0 quarterstaff and wearing a +0 ring mail (asleep) Attack!
Joseph shouts!
You closely miss Joseph. Joseph hits you with a +0 quarterstaff!
You puncture Joseph!
Joseph is lightly wounded.
Joseph misses you.
You hit Joseph.
Joseph is lightly wounded.
Joseph hits you with a +0 quarterstaff!!
Ouch! That really hurt!
* * * LOW HITPOINT WARNING * * *
Joseph says, "Drop everything you've found here and return home."
Joseph unwields a +0 quarterstaff.
Joseph wields a +0 hunting sling.
Joseph shoots a sling bullet.
The sling bullet hits you!
You die...

#.......#
#..........## #...
#.......#
#.......≈≈≈.. #...
#.......#
#.......≈≈≈.. #...
#.......#
#......≈≈≈≈≈. #...
#.......#
#.......≈.... #...
+.......#
#........... #...
#.......# #.......#
#... #.......#
#.....@.# #...
#.^.....#####..R@...#
#...
###.............#####
#... #.............#
#... #.............#
#... #.............#
#... #.............#
#... #.............#
#... #.............#
#... #.............#
#...


You could see the friendly Henutmehyt the knight and Joseph (ally target).

Vanquished Creatures
  Pikel (D:7)
  Prince Ribbit (D:6)
  A shadow (D:7)
  Eustachio (D:6)
  A water moccasin (D:7)
  A sky beast (D:7)
  An orc warrior (D:6)
  2 ogres
  3 black bears
  3 centaurs
  3 lemures (D:7)
  5 phantoms
  2 bullfrogs
  2 scorpions (D:4)
  A gnoll sergeant (D:5)
  2 gnoll shamans (D:6)
  6 hounds
  An orc priest (D:4)
  2 orc wizards
  3 iguanas
  Robin (D:3)
  4 gnolls
  7 adders
  2 shadow imps
  A white imp (D:6)
  An ufetubus (D:5)
  3 worms
  A dart slug (D:4)
  18 orcs
  7 ball pythons
  3 endoplasms
  4 giant cockroaches
  17 goblins
  5 hobgoblins
  6 jackals
  4 quokkas
  A bat (D:2)
  5 frilled lizards
  2 kobolds
  A rat (D:2)
135 creatures vanquished.

Vanquished Creatures (collateral kills)
  An ice beast (D:6)
  A lemure (D:7)
  3 gnolls (D:5)
  An adder (D:6)
  7 orcs
13 creatures vanquished.

Vanquished Creatures (others)
  An ancestor (D:5)
  2 plants (D:4)
3 creatures vanquished.

Grand Total: 151 creatures vanquished

Notes
Turn   | Place    | Note
-------+----------+-------------------------------------------
     0 | D:1      | Ajdolov the Spriggan Hunter began the quest for the Orb.
     0 | D:1      | Reached XP level 1. HP: 10/10 MP: 2/2
    45 | D:1      | Reached skill level 2 in Stealth
    74 | D:1      | Reached skill level 5 in Slings
   254 | D:1      | Reached XP level 2. HP: 14/14 MP: 3/3
   435 | D:1      | Reached skill level 3 in Stealth
   981 | D:2      | Identified the +5 rapier "Bujidd" {speed, rN+ Dex+5}
  1071 | D:2      | Noticed a phantom
  1079 | D:2      | Killed a phantom
  1080 | D:2      | Reached skill level 4 in Stealth
  1080 | D:2      | Reached XP level 3. HP: 18/18 MP: 4/4
  1080 | D:2      | Reached XP level 4. HP: 22/22 MP: 5/5
  1133 | D:2      | Reached skill level 5 in Stealth
  2125 | D:3      | Noticed Robin
  2351 | D:3      | Killed Robin
  2352 | D:3      | Reached XP level 5. HP: 24/25 MP: 6/6
  2704 | D:4      | Reached skill level 6 in Stealth
  2893 | D:4      | Reached XP level 6. HP: 29/30 MP: 7/7
  3044 | D:4      | Reached skill level 7 in Stealth
  3203 | D:4      | Found a staircase to the Ecumenical Temple.
  3505 | Temple   | Entered the Ecumenical Temple
  3585 | Temple   | Became a worshipper of Hepliaklqana the Forgotten
  3684 | D:4      | Reached skill level 8 in Stealth
  3854 | D:4      | Identified the +9 quarterstaff of Segaeqex {spect, Will++
                  | Int+4 Dex-3}
  3998 | D:4      | Reached XP level 7. HP: 24/33 MP: 8/8
  4166 | D:5      | Entered Level 5 of the Dungeon
  4228 | D:5      | Reached skill level 9 in Stealth
  4333 | D:5      | Reached * piety under Hepliaklqana
  4526 | D:5      | Reached skill level 10 in Stealth
  4719 | D:5      | Reached XP level 8. HP: 33/33 MP: 9/9
  4855 | D:5      | Identified the +5 chain mail of the Thirsty Ships {rPois
                  | Regen+ Int-2 Dex+7}
  5210 | D:6      | Noticed Eustachio
  5354 | D:6      | Killed Eustachio
  5355 | D:6      | Reached skill level 10 in Slings
  5355 | D:6      | Reached skill level 11 in Stealth
  5545 | D:6      | Reached skill level 12 in Stealth
  5648 | D:6      | Noticed Prince Ribbit
  5971 | D:6      | Killed Prince Ribbit
  5972 | D:6      | Reached skill level 13 in Stealth
  5972 | D:6      | Reached XP level 9. HP: 19/36 MP: 10/10
  6810 | D:7      | Found an opulent altar of Gozag.
  7036 | D:7      | Reached ** piety under Hepliaklqana
  7037 | D:7      | Remembered your ancestor Henutmehyt as a knight
  7054 | D:7      | Noticed Pikel
  7064 | D:7      | Paralysed by Pikel for 4 turns
  7121 | D:7      | Reached skill level 14 in Stealth
  7146 | D:7      | Killed Pikel
  7507 | D:7      | Noticed Joseph
  7782 | D:7      | Shot with a sling bullet by Joseph

Illustrated notes

Levels and vault maps discovered:
D:1:      dpeg_arrival_more_subterranean_lakeside_camping, layout_basic,
          nicolae_concentric_dashed_squares_wild, grunt_decor_cap
D:2:      layout_loops_ring, chequers_hall_statues_wall_a
D:3:      layout_rooms, minmay_misc_feat_four_crosses, uniq_robin
D:4:      layout_loops_corners, minmay_temple_entry_gardened_gates
D:5:      layout_basic
D:6:      black_bear_nest_1, layout_loops_ring, roderic_serpentine_path,
          minmay_fractal_squares_5, uniq_prince_ribbit1, uniq_eustachio
D:7:      layout_gridville, overflow_temple_1_default, ldierk_geyser,
          uniq_pikel, uniq_joseph, uniq_menkaure
Temple:   mainiacjoe_temple_trianglar_array

Skill      XL: |  1  2  3  4  5  6  7  8  9 |
---------------+----------------------------+-----
Stealth        | 2 4 5 6 8 10 13 14 | 14.9
Slings         | 5 6 7 8 9 11 12 | 12.6
Fighting       | |  1.5
Dodging        | |  2.6

Action                   |  1- 3 |  4- 6 |  7- 9 || total
-------------------------+-------+-------+-------++-------
Melee: Rapier            |     7 |   110 |    77 ||   194
       Punch             |       |       |     2 ||     2
 Fire: Hunting sling     |    36 |    22 |   224 ||   282
Invok: Recall Ancestor   |       |       |     1 ||     1
       Ancestor Life: Kn |       |       |     1 ||     1
 Stab: Sleeping          |     1 |    12 |     3 ||    16
Armor: Robe              |       |    11 |     7 ||    18
Dodge: Dodged            |     4 |    64 |    70 ||   138

Table legend: (Time is in decaauts)
 A = Elapsed time spent in this place.
 B = Non-inter-level travel time spent in this place.
 C = Inter-level travel time spent in this place.
 D = Time resting spent in this place.
 E = Time spent auto-exploring this place.
 F = Levels seen in this place.
 G = Mean time per level.
                   A        B        C        D        E       F      G
               +--------+--------+--------+--------+--------+-----+--------+
         Total |   5835 |   5594 |    241 |   1732 |   2747 |   8 |  729.4 |
       Dungeon |   5770 |   5544 |    226 |   1732 |   2709 |   7 |  824.3 |
        Temple |     65 |     51 |     14 |      0 |     37 |   1 |   65.0 |
               +--------+--------+--------+--------+--------+-----+--------+

Top non-repeatable levels by time:
     D:6: 1327 daAuts
     D:2: 928 daAuts
     D:5: 921 daAuts
     D:4: 844 daAuts
     D:7: 649 daAuts
     D:3: 579 daAuts
     D:1: 519 daAuts
  Temple: 65 daAuts
